AoeStats
← a.l.a.n.t

Arena

505524399Analyzed
2v2 RM · 23d ago on Sep 9, 2026· 70m 11s· 4 players
Game mode
Random Map
Map size
Medium (4 player)
Population
200
Speed
Normal
Resources
Standard
Victory
Conquest
Starting age
Dark Age
Ending age
Imperial Age
RankedLock teamsTeams togetherTeam positionsShared explorationLock speedFull tech treeHidden civsTurbo modeCheats
Victory
Defeat
🇨🇴 Britons · Colombia
1241
+17
🇨🇴 Persians · Colombia
1214
+18
🇬🇧 Dravidians · United Kingdom
1336
-21
🇮🇶 Persians · Iraq
1176
-14
Elfelo
9:24 Feudal Age
14:42 Castle Age
13:47 Double-Bit Axe
13:43 Horse Collar
17:19 Bow Saw
20:36 Wheelbarrow
25:16 Gold Mining
25:19 Stone Mining
26:08 Hand Cart
29:15 Imperial Age
26:32 Town Watch
26:32 Loom
26:38 Fletching
26:48 Padded Archer Armor
27:33 Town Patrol
27:01 Pikeman
27:27 Gambesons
27:42 Squires
27:39 Bodkin Arrow
27:54 Forging
28:58 Heavy Plow
29:37 Gold Shaft Mining
28:30 Crossbowman
28:32 Elite Skirmisher
29:30 Leather Archer Armor
30:19 Conscription
30:17 Arbalester
33:40 Iron Casting
33:10 Scale Barding Armor
33:08 Bracer
33:10 Scale Mail Armor
34:48 Chemistry
35:06 Hoardings
35:12 Iron Casting
35:10 Caravan
37:19 Two-Man Saw
35:57 Halberdier
37:38 Blast Furnace
37:34 Yeomen
37:45 Ballistics
37:36 Elite Skirmisher
38:49 Ring Archer Armor
38:34 Chain Mail Armor
40:07 Warwolf
41:23 Masonry
42:10 Plate Mail Armor
41:30 Arson
43:08 Siege Engineers
46:08 Scale Barding Armor
46:37 Capped Ram
49:26 Fortified Wall
49:26 Masonry
51:11 Masonry
50:43 Treadmill Crane
51:13 Careening
51:00 Murder Holes
52:13 Onager
56:56 Architecture
56:54 Arrowslits
57:00 Guard Tower
59:22 Keep
SershMo
10:55 Feudal Age
15:17 Castle Age
13:50 Double-Bit Axe
13:47 Horse Collar
25:54 Loom
29:41 Wheelbarrow
28:53 Town Watch
32:01 Imperial Age
29:50 Husbandry
29:11 Light Cavalry
29:59 Scale Barding Armor
30:05 Forging
29:31 Elite Skirmisher
30:14 Padded Archer Armor
30:05 Fletching
31:06 Thumb Ring
31:33 Kamandaran
32:42 Chain Barding Armor
32:59 Iron Casting
31:48 Cavalier
32:50 Leather Archer Armor
33:05 Bodkin Arrow
34:45 Conscription
34:48 Masonry
35:04 Bow Saw
34:56 Heavy Plow
34:51 Gold Mining
34:51 Stone Mining
34:57 Savar
36:11 Heavy Camel Rider
37:04 Bloodlines
38:03 Ring Archer Armor
38:09 Plate Barding Armor
38:00 Ballistics
38:11 Architecture
40:49 Blast Furnace
40:56 Chemistry
43:24 Scale Mail Armor
43:13 Hussar
53:34 Caravan
54:06 Coinage
53:47 Guilds
61:10 Capped Ram
66:40 Hand Cart
a.l.a.n.t
11:58 Feudal Age
15:52 Castle Age
13:38 Double-Bit Axe
13:40 Horse Collar
17:35 Bow Saw
22:03 Wheelbarrow
25:07 Gold Mining
25:30 Scale Mail Armor
29:46 Imperial Age
27:39 Chain Mail Armor
27:36 Forging
26:48 Pikeman
27:28 Squires
28:12 Elite Skirmisher
28:45 Fletching
29:49 Ballistics
30:14 Iron Casting
29:27 Gambesons
29:35 Town Watch
30:05 Loom
29:50 Halberdier
31:02 Plate Mail Armor
30:57 Wootz Steel
30:59 Conscription
31:21 Bodkin Arrow
31:30 Padded Archer Armor
32:39 Chemistry
32:11 Bracer
32:49 Heavy Plow
33:08 Leather Archer Armor
33:51 Thumb Ring
35:46 Elite Elephant Archer
39:17 Ring Archer Armor
45:53 Masonry
47:36 Onager
49:21 Blast Furnace
48:30 Scale Barding Armor
48:36 Scale Barding Armor
52:25 Chain Barding Armor
51:41 Light Cavalry
52:22 Husbandry
aryaszahir958
8:26 Feudal Age
8:44 Horse Collar
8:57 Double-Bit Axe
13:32 Loom
16:05 Castle Age
23:24 Gold Mining
23:25 Stone Mining
26:02 Wheelbarrow
25:56 Heavy Plow
28:24 Gold Shaft Mining
28:27 Stone Shaft Mining
30:37 Imperial Age
28:32 Bow Saw
30:43 Hand Cart
30:25 Elite Skirmisher
31:05 Fletching
31:15 Padded Archer Armor
32:31 Elite War Elephant
34:40 Husbandry
34:50 Bloodlines
34:50 Bodkin Arrow
35:11 Leather Archer Armor
36:21 Chemistry
35:43 Ballistics
35:13 Cavalier
36:12 Scale Barding Armor
36:08 Scale Mail Armor
36:39 Savar
37:46 Chain Barding Armor
39:03 Two-Man Saw
39:35 Heavy Scorpion
44:07 Plate Barding Armor
43:48 Chain Mail Armor
45:11 Light Cavalry
46:09 Kamandaran
46:29 Crossbowman
47:15 Thumb Ring
46:35 Hussar
54:06 Heavy Camel Rider
Connection lost

Rejoining the realm…

Still unreachable

The connection could not be restored.

Session expired

The server has moved on; the page needs a fresh start.